AoeStats
← dbriscik aka Bor

Arena

507822015Analyzed
1v1 RM · 11d ago on Sep 19, 2026· 45m 34s· 2 players
Game mode
Random Map
Map size
Tiny (2 player)
Population
200
Speed
Normal
Resources
Standard
Victory
Conquest
Starting age
Dark Age
Ending age
Imperial Age
RankedLock teamsTeams togetherTeam positionsShared explorationLock speedFull tech treeHidden civsTurbo modeCheats
Victory
Defeat
🇷🇺 Slavs · Russia
924
+16
🇸🇮 Hindustanis · Slovenia
929
-16
a3axapob
9:39 Feudal Age
10:07 Double-Bit Axe
15:25 Castle Age
13:30 Horse Collar
16:20 Bow Saw
16:19 Heavy Plow
18:15 Wheelbarrow
21:34 Gold Mining
23:25 Gold Shaft Mining
22:43 Stone Mining
28:13 Imperial Age
25:59 Hand Cart
26:49 Pikeman
28:33 Squires
29:07 Capped Ram
30:00 Town Watch
30:24 Siege Ram
31:27 Detinets
30:55 Halberdier
33:08 Chemistry
32:54 Scale Barding Armor
32:46 Fletching
33:28 Conscription
32:29 Elite Boyar
34:18 Husbandry
34:29 Bloodlines
35:57 Onager
38:12 Chain Barding Armor
38:27 Ballistics
40:15 Light Cavalry
42:22 Town Patrol
41:58 Hussar
44:09 Siege Engineers
44:40 Halberdier
45:32 Forging
45:58 Plate Barding Armor
dbriscik aka Bor
1:15 Loom
11:55 Feudal Age
12:38 Town Watch
13:29 Wheelbarrow
25:51 Castle Age
24:06 Stone Mining
24:11 Gold Mining
24:11 Horse Collar
25:30 Double-Bit Axe
25:37 Fletching
26:48 Hand Cart
27:31 Fortified Wall
30:11 Bow Saw
34:15 Stone Shaft Mining
35:04 Gold Shaft Mining
37:28 Forging
Connection lost

Rejoining the realm…

Still unreachable

The connection could not be restored.

Session expired

The server has moved on; the page needs a fresh start.